 Dungeon Crawl Stone Soup version 0.31-a0-237-g2d982f9f85 (webtiles) character file.

Game seed: 15961111510186595374

205 qw the Shooter (level 5, -1/31 HPs)
             Began as a Gargoyle Hexslinger on July 10, 2023.
             Slain by a river rat (5 damage)
             ... on level 3 of the Dungeon.
             The game lasted 00:01:07 (2307 turns).

qw the Shooter (Gargoyle Hexslinger)                Turns: 2307, Time: 00:01:08

Health: -1/31      AC: 10    Str: 17    XL:     5   Next: 83%
Magic:  6/6        EV: 11    Int: 14    God:
Gold:   158        SH:  0    Dex: 14    Spells: 5/6 levels left

rFire   . . .        Y - +1 sling
rCold   . . .        (no shield)
rNeg    + + .        g - +0 ring mail
rPois   inf          (no helmet)
rElec   +            (no cloak)
rCorr   .            j - +0 pair of gloves
SInv    +            (no boots)
Will    .....        a - amulet of faith
Stlth   +            c - ring of Jomu {rN+ Will- Str+6 SInv}
HPRegen 0.25/turn    (no ring)
MPRegen 0.10/turn

%: faith
@: very slow
A: sickness immunity, AC +4, negative energy resistance 1, electricity
resistance, torment resistance 1, petrification resistance
a: no special abilities


You were on level 3 of the Dungeon.
You visited 1 branch of the dungeon, and saw 3 of its levels.

You collected 158 gold pieces.


Innate Abilities, Weirdness & Mutations

You are immune to sickness and miasma.
Your stone body is resilient. (AC +4)
You are immune to poison.
You resist negative energy. (rN+)
You are resistant to electric shocks. (rElec)
You are resistant to unholy torment.
You are immune to petrification.


   Skills:
 + Level 2.5 Fighting
 - Level 5.0 Ranged Weapons
 - Level 1.9 Armour
 - Level 1.5 Dodging
 - Level 1.0 Spellcasting
 - Level 2.6 Hexes


You had 5 spell levels left.
You knew the following spells:

 Your Spells              Type           Power      Damage    Failure   Level
a - Slow                  Hex            32%        N/A       16%         1

Your spell library contained the following spells:

 Spells                   Type           Power      Damage    Failure   Level
 Inner Flame              Hex/Fire       4%         N/A       63%         3
 Portal Projectile        Hex/Tloc       8%         N/A       63%         3
 Cause Fear               Hex            4%         N/A       83%         4

Inventory:

Hand Weapons
 Y - a +1 sling (weapon)
Armour
 b - a +3 leather armour
 g - a +0 ring mail (worn)
 j - a +0 pair of gloves (worn)
Jewellery
 a - an amulet of faith (around neck)
 c - the ring of Jomu (left hand) {rN+ Will- Str+6 SInv}
   (You found it on level 2 of the Dungeon)

   [ring of strength]

   Str:       It affects your strength (+6).
   rN:        It protects you from negative energy.
   SInv:      It lets you see invisible.
   Will:      It decreases your willpower.
 h - a +4 ring of protection
Scrolls
 e - a scroll of vulnerability {unknown}
 f - a scroll of identify
Potions
 d - 2 potions of curing
 i - a potion of experience {unknown}

Dungeon Overview and Level Annotations

Branches:
Dungeon (3/15)

Altars:
Kikubaaqudgha
Makhleb
Qazlal
Vehumet
Wu Jian


Message History

The sling bullet hits the adder but does no damage.
The adder is severely wounded.
The adder closely misses you. The river rat closely misses you.
You shoot a sling bullet.
The sling bullet closely misses the adder.
The adder bites you but does no damage. The river rat misses you.
The adder bites you.
You shoot a sling bullet.
The sling bullet barely misses the adder.
The river rat closely misses you. The adder barely misses you.
You shoot a sling bullet.
The sling bullet closely misses the adder.
The adder completely misses you.
The river rat bites you but does no damage.
The adder barely misses you. The river rat closely misses you.
You shoot a sling bullet. The sling bullet hits the adder.
You kill the adder!
The river rat bites you.
You shoot a sling bullet.
The sling bullet closely misses the river rat.
The river rat bites you!
You shoot a sling bullet.
The sling bullet hits the river rat but does no damage.
The river rat bites you.
You shoot a sling bullet.
The sling bullet barely misses the river rat.
The river rat bites you.
You shoot a sling bullet. The sling bullet hits the river rat!
The river rat is severely wounded.
The river rat bites you but does no damage. x2
You shoot a sling bullet.
The sling bullet barely misses the river rat.
The river rat bites you!
You shoot a sling bullet.
The sling bullet closely misses the river rat.
The river rat bites you but does no damage.
You shoot a sling bullet.
The sling bullet closely misses the river rat.
The river rat bites you.
You die...

#............###..
#...........## ##.
#...........# #.
#...........# #.
#.......%...# ##
####.......#.# ###
~~####~~##......#.# #..
~~~~~~%~~#..).....# #..
#r@##........# ##..
##~#.........# #..#
#~#.........# #..<
#~#>........# #).. ####
##%#.......#.###.#.
####~~####~~##............#.
#.%~~~~~~~~~~#.####......##.
#.##~~####~~##(## #......##.
#.##### ####..)# #.....####


You could see a river rat.

Vanquished Creatures
  2 orc priests (D:3)
  5 adders
  2 river rats (D:3)
  2 worms
  2 dart slugs
  9 orcs (D:3)
  2 ball pythons
  3 endoplasms
  4 giant cockroaches
  5 goblins
  5 hobgoblins
  3 jackals (D:2)
  5 quokkas
  3 bats
  6 frilled lizards
  4 kobolds
  6 rats
68 creatures vanquished.

Notes
Turn   | Place    | Note
-------+----------+-------------------------------------------
     0 | D:1      | qw the Gargoyle Hexslinger began the quest for the Orb.
     0 | D:1      | Reached XP level 1. HP: 12/12 MP: 2/2
     0 | D:1      | 0 ||| qw: Version: 0.3-a-52-g30416fa
     0 | D:1      | 0 ||| qw: Game counter: 5202
     0 | D:1      | 0 ||| qw: Melee chars always use a shield: true
     0 | D:1      | 0 ||| qw: God list: Okawaru
     0 | D:1      | 0 ||| qw: Allow faded altars: false
     0 | D:1      | 0 ||| qw: Do Orc after clearing Dungeon:15 true
     0 | D:1      | 0 ||| qw: Do second Lair branch before Depths: true
     0 | D:1      | 0 ||| qw: Lair rune preference: random
     0 | D:1      | 0 ||| qw: Goals: Normal
     0 | D:1      | 0 ||| PLANNING D:1-11
    44 | D:1      | Reached XP level 2. HP: 16/16 MP: 3/3
   202 | D:1      | Reached skill level 3 in Ranged Weapons
   851 | D:1      | 851 ||| UPGRADING to +0 ring mail.
   861 | D:1      | 861 ||| DROPPING +0 robe.
   862 | D:1      | 862 ||| READING scroll labelled ORUMERREOWN.
   863 | D:1      | 863 ||| READING scroll labelled AQUFAQIEDY.
   867 | D:1      | 867 ||| DROPPING scroll of poison.
   918 | D:2      | 918 ||| FLEEEEING.
   919 | D:2      | 919 ||| FLEEEEING.
   929 | D:2      | 929 ||| STAIRDANCE
   956 | D:2      | Reached XP level 3. HP: 11/21 MP: 4/4
  1048 | D:2      | Identified the ring of Jomu {rN+ Will- Str+6 SInv}
  1089 | D:2      | Found a burning altar of Makhleb.
  1284 | D:2      | Reached XP level 4. HP: 21/26 MP: 5/5
  1508 | D:2      | 1508 ||| UPGRADING to +0 pair of gloves.
  1513 | D:2      | 1513 ||| UPGRADING to amulet of faith.
  1518 | D:2      | 1518 ||| UPGRADING to ring of Jomu {rN+ Will- Str+6 SInv}.
  1519 | D:2      | 1519 ||| READING 2 scrolls labelled ETURCH SIWO.
  1520 | D:2      | 1520 ||| READING scroll labelled CEANAA CUEDY.
  1521 | D:2      | 1521 ||| READING 2 scrolls labelled ZUHOMN VIZU.
  1522 | D:2      | 1522 ||| READING scroll labelled AFFUFFU BUTZ.
  1523 | D:2      | 1523 ||| READING scroll labelled AFOSAS PUOCW.
  1524 | D:2      | 1524 ||| DRINKING 2 sapphire potions.
  1525 | D:2      | 1525 ||| DROPPING scroll of butterflies.
  1539 | D:3      | 1539 ||| PLANNING SEWER
  1542 | D:3      | Reached skill level 4 in Ranged Weapons
  1567 | D:3      | 1567 ||| Stepping ~*~*~tactically~*~*~ (outnumbered).
  1568 | D:3      | 1568 ||| Stepping ~*~*~tactically~*~*~ (outnumbered).
  1585 | D:3      | HP: 6/26 [orc/+0 club (2)]
  1586 | D:3      | Reached skill level 1 in Armour
  1682 | D:3      | Reached XP level 5. HP: 30/30 MP: 6/6
  1837 | D:3      | HP: 7/30 [orc priest/divine providence (10)]
  1838 | D:3      | 1838 ||| READING scroll of teleportation.
  2017 | D:3      | Found an ornate altar of the Wu Jian Council.
  2017 | D:3      | Found a stormy altar of Qazlal.
  2025 | D:3      | Found an ancient bone altar of Kikubaaqudgha.
  2036 | D:3      | Found a faded altar of an unknown god.
  2038 | D:3      | Found a radiant altar of Vehumet.
  2123 | D:3      | 2123 ||| RIP SEWER
  2164 | D:3      | 2164 ||| PLANNING D:1-11
  2200 | D:3      | Reached skill level 5 in Ranged Weapons
  2305 | D:3      | HP: 4/31 [river rat (7)]
  2307 | D:3      | Slain by a river rat

Levels and vault maps discovered:
D:1:      elethiomel_arrival_maze, layout_loops_ring,
          wad_floor_pattern_untrapped, serial_bayou_pond_b, bh_walls_and_bars
D:2:      layout_loops_ring, basic_altar
D:3:      layout_rooms, chequers_temple_overflow_minitemple,
          gup_sewer_entry_bubbles

Skill      XL: |  1  2  3  4  5 |
---------------+----------------+-----
Ranged Weapons | 3 4 5 |  5.0
Fighting       | 2 |  2.5
Armour         | 1 |  1.9
Dodging        | |  1.5
Spellcasting   | |  1.0
Hexes          | |  2.6

Action                     |  1- 3 |  4- 6 || total
---------------------------+-------+-------++-------
   Fire: Sling             |   123 |   148 ||   271
    Use: Scroll            |     2 |     6 ||     8
         Potion            |       |     1 ||     1
 Armour: Robe              |     5 |       ||     5
         Ring mail         |    27 |    52 ||    79
  Dodge: Dodged            |    37 |    82 ||   119

Table legend:
 A = Non-vault XP
 B = Vault XP
 C = Vault XP percentage of total XP
 D = Non-vault monster count
 E = Vault monster count
 F = Vault count percentage of total count
                 A         B        C        D         E       F
            +---------+---------+-------+---------+---------+-------
      Total |     241 |      53 |  18.0 |      58 |      10 |  14.7
            +---------+---------+-------+---------+---------+-------
        D:1 |      20 |       9 |  31.0 |      13 |       5 |  27.8
        D:2 |      64 |       0 |   0.0 |      23 |       0 |   0.0
        D:3 |     157 |      44 |  21.9 |      22 |       5 |  18.5
            +---------+---------+-------+---------+---------+-------
